 Dungeon Crawl Stone Soup version 0.23.2-30-g0e89c35649 (webtiles) character file.

Game seed: 15739534354069219714

18 funkygono the Skirmisher (level 2, 0/24 HPs)
             Began as a Demonspawn Abyssal Knight on June 14, 2019.
             Was a Follower of Lugonu.
             Slain by a giant cockroach (2 damage)
             ... on level 4 of the Dungeon on June 15, 2019.
             The game lasted 00:03:03 (1031 turns).

funkygono the Skirmisher (DsAK)                     Turns: 1031, Time: 00:03:04

Health: 0/24       AC:  5    Str: 12    XL:     2   Next: 48%
Magic:  4/4        EV: 11    Int: 13    God:    Lugonu [*.....]
Gold:   43         SH:  0    Dex: 12    Spells: 1/1 levels left

rFire    . . .     SeeInvis .   a - +1 mace
rCold    . . .     Gourm    .   (no shield)
rNeg     . . .     Faith    .   b - +0 leather armour
rPois    .         Spirit   .   (no helmet)
rElec    .         Reflect  .   (no cloak)
rCorr    .         Harm     .   (no gloves)
MR       .....                  (no boots)
Stlth    +.........             (no amulet)
HPRegen  0.08/turn              (no ring)
MPRegen  0.09/turn              (no ring)

@: lethally poisoned (0 -> -2)
A: molten scales 1
a: Depart the Abyss, Renounce Religion


You were on level 4 of the Dungeon.
You worshipped Lugonu.
Lugonu was aware of your devotion.
You were not hungry.

You visited 1 branch of the dungeon, and saw 3 of its levels.
You visited the Abyss 1 time.

You collected 43 gold pieces.

Inventory:

Hand Weapons
 a - a +1 mace (weapon)
Missiles
 i - 45 stones (quivered)
Armour
 b - a +0 leather armour (worn)
Scrolls
 e - a scroll of identify
 f - a scroll of amnesia {unknown}
 g - a scroll of remove curse
 k - a scroll of teleportation
Potions
 d - a potion of lignification
 h - a potion of magic {unknown}
 j - 2 potions of brilliance
Comestibles
 c - 2 rations
 l - 2 chunks of flesh


   Skills:
 + Level 3.3 Fighting
 + Level 2.1 Maces & Flails
 + Level 2.0 Armour
 + Level 0.8 Dodging
 + Level 0.2 Stealth
 + Level 2.7 Invocations


You had one spell level left.
You didn't know any spells.
Your spell library was empty.

Dungeon Overview and Level Annotations

Branches:
Dungeon (2/15)

Altars:


Innate Abilities, Weirdness & Mutations

You are partially covered in molten scales. (AC +2)


Message History

The adder bites you but does no damage.
Found 11 gold pieces.
You feel sick. The adder bites you.
An iguana and a giant cockroach come into view.
The iguana hisses angrily.
Found a brown potion.
The adder bites you.
You feel sick. The giant cockroach misses you.
The iguana hisses menacingly.
The iguana barely misses you.
The giant cockroach bites you but does no damage.
The adder bites you. The giant cockroach barely misses you.
You feel sick. The giant cockroach barely misses you.
The adder barely misses you. The iguana bites you!
* * * LOW HITPOINT WARNING * * *
The iguana barely misses you.
A worm comes into view.
The adder closely misses you. The giant cockroach bites you.
You die...

#.............<......
#....................
##.....##....%.......
##.....##......##....
#......##......##....
#......#.......##....
#..lo..#.......###+##
#.SSsr.#.........
#...@..+.........
#......# ##..##.#
#### .# . w. .. ...


You could see a worm (wandering), an iguana, 2 adders, an orc, a quokka and a
giant cockroach.

Vanquished Creatures
  A leopard gecko (D:1)
  A bat (D:1)
  A giant cockroach (D:2)
  2 goblins (D:1)
  5 hobgoblins
  2 kobolds (D:1)
  A frilled lizard (D:1)
  A rat (D:1)
14 creatures vanquished.

Notes
Turn   | Place    | Note
-------+----------+-------------------------------------------
     0 | Abyss:1  | funkygono the Demonspawn Abyssal Knight began the quest for
                  | the Orb.
     0 | Abyss:1  | Reached XP level 1. HP: 18/18 MP: 2/2
    36 | D:1      | Escaped the Abyss
   250 | D:1      | Gained mutation: You are partially covered in molten
                  | scales. (AC +2) [demonic ancestry]
   250 | D:1      | Reached XP level 2. HP: 15/24 MP: 3/3
   985 | D:2      | You fall through a shaft for 2 floors!
  1029 | D:4      | HP: 1/24 [iguana (11)]
  1031 | D:4      | Slain by a giant cockroach

Skill      XL: |  1  2 |
---------------+-------+-----
Maces & Flails | 2 |  2.1
Armour         | 2 |  2.0
Fighting       | |  3.3
Dodging        | |  0.8
Stealth        | |  0.2
Invocations    | |  2.7

Action                   || total
-------------------------++-------
Melee: Mace              ||    37
  Use: Scroll            ||     4
 Stab: Sleeping          ||     2
Armor: Leather armour    ||    13
Dodge: Dodged            ||    26
